Map: Deathaura LE

Players

Larry

  • Race: Protoss Protoss
  • League: Master
  • Spawn Location: 11:00

Sepheron - Winner!

  • Race: Protoss Protoss
  • League: Master
  • Spawn Location: 5:00

VOD

Have the link to the VOD?

Description

Time

  • Played on: April 5, 2021, 10:48 p.m.
  • Length: 3:21
Show
View Real Time Build Order
Export as new Build Order

Larry Protoss 

Build Orders: 1 Gate Expand 

Get SALT Encoding   

  12  0:00  Probe  
  13  0:12  Probe  
  14  0:17  Pylon  
  14  0:24  Probe (Chrono Boost)  
  15  0:37  Gateway, Probe (Chrono Boost)  
  16  0:45  Probe (Chrono Boost)  
  16  0:46  Assimilator  
  17  0:51  Probe  
  17  0:55  Assimilator  
  18  1:03  Probe  
  19  1:15  Probe  
  20  1:26  Zealot  
  22  1:40  Nexus  
  22  1:44  Probe  
  23  1:53  Cybernetics Core  
  23  2:01  Pylon  
  23  2:19  Probe  
  24  2:28  Stalker (Chrono Boost)  
  19  2:31  Shield Battery  
Show
View Real Time Build Order
Export as new Build Order

Sepheron Protoss - Winner!

Build Orders:  

Get SALT Encoding   

  12  0:01  Probe  
  13  0:13  Probe  
  14  0:25  Probe  
  15  0:35  Pylon  
  15  0:53  Gateway  
  15  0:54  Gateway  
  15  0:57  Gateway  
  15  1:01  Probe  
  16  1:08  Pylon  
  16  1:17  Pylon  
  16  1:35  Assimilator  
  16  1:39  Zealot x2 (Chrono Boost)  
  22  1:50  Zealot (Chrono Boost)  
  22  1:53  Cybernetics Core  
  22  1:59  Zealot  
  24  2:09  Zealot (Chrono Boost)  
  26  2:32  Zealot (Chrono Boost)  
  26  2:36  Stalker (Chrono Boost)  
  24  2:37  Stalker (Chrono Boost)  
  24  2:52  Zealot  
  24  3:00  Pylon  
Tags
 
Matchup
PvP
Spawn Locations
Cross Positions
Add a new tag
Caveats
  • Supply blocks, unpowered buildings, or Contaminate may cause inaccurate times.
  • Supply counts are checked every 10 seconds.